 Dungeon Crawl Stone Soup version 0.28.0 (webtiles) character file.

Game seed: 36717674683947357

265 Kalagan26 the Sneak (level 5, -1/35 HPs)
             Began as a Vampire Enchanter on Feb 18, 2022.
             Slain by Grinder (3 damage)
             ... on level 4 of the Dungeon.
             The game lasted 00:11:55 (2524 turns).

Kalagan26 the Sneak (Vampire Enchanter)             Turns: 2524, Time: 00:11:56

Health: -1/35      AC:  3    Str:  7    XL:     5   Next: 99%
Magic:  5/9        EV: 13    Int: 18    God:
Gold:   124        SH:  0    Dex: 16    Spells: 8/10 levels left

rFire   . . .      SeeInvis +   a - +1 dagger
rCold   . . .      Faith    .   (no shield)
rNeg    . . .      Spirit   .   b - +1 robe
rPois   .          Reflect  .   (no helmet)
rElec   .          Harm     .   (no cloak)
rCorr   .          Rampage  .   (no gloves)
Will    .....                   (no boots)
Stlth   ++++......              (no amulet)
HPRegen 0.31/turn               (no ring)
MPRegen 0.11/turn               (no ring)

@: healing quickly
A: alive, fangs 3, see invisible, vampiric 2
a: Exsanguinate


You were on level 4 of the Dungeon.
You visited 1 branch of the dungeon, and saw 5 of its levels.

You collected 124 gold pieces.

Inventory:

Hand Weapons
 a - a +1 dagger (weapon)
Missiles
 g - 5 poisoned darts
 i - 38 stones
Armour
 b - a +1 robe (worn)
Jewellery
 j - a ring of protection from cold
Scrolls
 d - a scroll of blinking {unknown}
 k - a scroll of acquirement {unknown}
 m - a scroll of teleportation {unknown}
Potions
 c - a potion of invisibility
 f - 2 potions of berserk rage
 h - a potion of magic {unknown}
 l - a potion of brilliance {unknown}
 n - a potion of lignification {unknown}
 o - a potion of flight {unknown}
 p - a potion of curing {unknown}


   Skills:
 + Level 0.1 Fighting
 * Level 2.6 Short Blades
 + Level 0.1 Throwing
 + Level 2.9 Dodging
 * Level 7.8 Stealth
 * Level 3.1 Spellcasting
 - Level 4.4 Hexes
 + Level 1.1 Ice Magic


You had 8 spell levels left.
You knew the following spells:

 Your Spells              Type           Power      Damage    Failure   Level
a - Ensorcelled Hibernat  Hex/Ice        24%        N/A       8%          2

Your spell library contained the following spells:

 Spells                   Type           Power      Damage    Failure   Level
 Confusing Touch          Hex            18%        N/A       8%          3
 Tukima's Dance           Hex            18%        N/A       8%          3
 Dazzling Flash           Conj/Hex       20%        N/A       21%         3
 Sublimation of Blood     Necr           2%         N/A       24%         2
 Wereblood                Tmut           2%         N/A       24%         2
 Summon Hydra             Summ           1%         N/A       100%        7


Dungeon Overview and Level Annotations

Branches:
Dungeon (5/15)
 Temple: D:4-7

Altars:

Annotations:
D:4 Grinder


Innate Abilities, Weirdness & Mutations

Your natural rate of healing is accelerated.
You have razor-sharp teeth.
You have supernaturally acute eyesight. (SInv)
You are afflicted with vampirism and can become a bat while bloodless.


Message History

A scorpion is nearby!
The helpless scorpion fails to defend itself.
You impale the scorpion!!
You kill the scorpion!
Your Ice Magic skill increases to level 1!
Unknown command.
You start resting.
HP restored.
You see here a scorpion corpse.
There is an open door here.
You open the door.
There is an open door here.
Aiming: Ensorcelled Hibernation (safe; 8% risk of failure)
Press: ? - help, Q - select action, (/) - cycle Shift-Dir - straight line, f - you
Okay, then.
Grinder comes into view.
Grinder shouts!
Grinder grins, showing sharp teeth.
Grinder gestures at you. Pain shoots through your body!
Aiming: Ensorcelled Hibernation (safe; 8% risk of failure)
Press: ? - help, Q - select action, (/) - cycle Shift-Dir - straight line, f - you That would be overly suicidal.
Okay, then.
Aiming: Ensorcelled Hibernation (safe; 8% risk of failure)
Press: ? - help, Q - select action, (/) - cycle Shift-Dir - straight line, f - Grinder
Aim: Grinder (not susceptible) Grinder is unaffected.
Grinder hits you.
You writhe in agony.
Aiming: Ensorcelled Hibernation (safe; 8% risk of failure)
Press: ? - help, Q - select action, (/) - cycle Shift-Dir - straight line, f/p - Grinder
Aim: Grinder (not susceptible) Grinder is unaffected.
Grinder hits you.
* * * LOW HITPOINT WARNING * * *
You hit Grinder but do no damage. Grinder hits you but does no damage.
You hit Grinder but do no damage. Grinder hits you.
* * * LOW HITPOINT WARNING * * *
You writhe in agony.
You die...

##'## .# ..
#######.# .#
.. ........#
.# ...
.#####..##
#...## #....#
# ##...##
#.####...####
#.5@..........
##############


You could see Grinder.

Vanquished Creatures
  A gnoll sergeant (D:5)
  2 scorpions (D:4)
  3 gnolls (D:5)
  3 adders
  2 orcs (D:3)
  2 endoplasms
  3 giant cockroaches
  4 hobgoblins
  3 jackals (D:3)
  3 kobolds
  2 quokkas
  A ball python (D:2)
  4 bats
  3 frilled lizards
  2 goblins
  3 rats
41 creatures vanquished.

Notes
Turn   | Place    | Note
-------+----------+-------------------------------------------
     0 | D:1      | Kalagan26 the Vampire Enchanter began the quest for the
                  | Orb.
     0 | D:1      | Reached XP level 1. HP: 13/13 MP: 3/3
   322 | D:1      | Found a faded altar of an unknown god.
   828 | D:1      | Reached skill level 5 in Stealth
   828 | D:1      | Reached XP level 2. HP: 19/19 MP: 5/5
  1600 | D:3      | Learned a level 2 spell: Ensorcelled Hibernation
  1721 | D:3      | Gained mutation: You are afflicted with vampirism and can
                  | become a bat while bloodless. [Vampire growth]
  1721 | D:3      | Reached XP level 3. HP: 24/24 MP: 0/6
  1784 | D:3      | Reached skill level 6 in Stealth
  2287 | D:4      | Noticed a scorpion
  2289 | D:4      | Killed a scorpion
  2290 | D:4      | Reached XP level 4. HP: 30/30 MP: 7/7
  2301 | D:5      | Entered Level 5 of the Dungeon
  2301 | D:5      | Noticed a gnoll sergeant
  2302 | D:5      | Killed a gnoll sergeant
  2303 | D:5      | Reached skill level 7 in Stealth
  2303 | D:5      | Reached XP level 5. HP: 35/35 MP: 7/9
  2426 | D:4      | Reached skill level 1 in Ice Magic
  2517 | D:4      | Noticed Grinder
  2524 | D:4      | Slain by Grinder

Illustrated notes

Levels and vault maps discovered:
D:1:      dpeg_arrival_rhombus, layout_basic, ebering_ecumenical_altar_hall,
          supply_closet_lemuel, minmay_misc_feat_diagonals
D:2:      layout_loops_corners
D:3:      layout_basic, patterned_corridor
D:4:      old_forge, layout_loops_corners, lemuel_crystal_altar,
          gammafunk_temple_overflow_claw, item_on_display_a, uniq_grinder
D:5:      layout_basic, ashenzari_altar_1, sword_in_stone, uniq_edmund,
          uniq_blork_the_orc

Skill      XL: |  1  2  3  4  5 |
---------------+----------------+-----
Stealth        | 5 6 7 |  7.8
Short Blades   | 2 |  2.6
Spellcasting   | 3 |  3.1
Ice Magic      | 1 |  1.1
Fighting       | |  0.1
Throwing       | |  0.1
Dodging        | |  2.9
Hexes          | |  4.4

Action                   |  1- 3 |  4- 6 || total
-------------------------+-------+-------++-------
Melee: Dagger            |   109 |    11 ||   120
       Bite              |    13 |     2 ||    15
Throw: Dart              |     2 |       ||     2
 Cast: Ensorcelled Hiber |    13 |    11 ||    24
  Use: Scroll            |     3 |     1 ||     4
 Stab: Sleeping          |    16 |     6 ||    22
Armor: Robe              |    19 |     1 ||    20
Dodge: Dodged            |    77 |     5 ||    82
